 Dungeon Crawl Stone Soup version 0.29.1-15-g9cfb28693d (webtiles) character file.

Game seed: 5223183426081462697

120 Sanktem7 the Trooper (level 4, 0/42 HPs)
             Began as a Minotaur Fighter on Mar 4, 2023.
             Slain by Robin
             ... wielding a +4 mace of protection
              (5 damage)
             ... on level 2 of the Dungeon.
             The game lasted 00:03:01 (1304 turns).

Sanktem7 the Trooper (Minotaur Fighter)             Turns: 1304, Time: 00:03:02

Health: 0/42       AC:  8    Str: 23    XL:     4   Next: 75%
Magic:  3/3        EV:  9    Int:  5    God:
Gold:   95         SH:  4    Dex:  9    Spells: 3/3 levels left

rFire   . . .      SeeInvis .   j - +4 dagger (speed) {short}
rCold   . . .      Faith    .   c - +0 buckler
rNeg    . . .      Spirit   .   b - +0 scale mail
rPois   .          Reflect  .   (helmet restricted)
rElec   .          Harm     .   (no cloak)
rCorr   .          Rampage  .   (no gloves)
Will    .....                   o - +0 pair of boots
Stlth   ..........              (no amulet)
HPRegen 0.14/turn               (no ring)
MPRegen 0.08/turn               (no ring)

@: no status effects
A: horns 2, retaliatory headbutt
a: no special abilities


You were on level 2 of the Dungeon.
You visited 1 branch of the dungeon, and saw 2 of its levels.

You collected 95 gold pieces.


Innate Abilities, Weirdness & Mutations

You have a pair of horns on your head.
You reflexively headbutt those who attack you in melee.


   Skills:
 * Level 5.1 Fighting
 * Level 4.2 Axes
 + Level 4.4 Armour
 - Level 3.6 Shields


You had 3 spell levels left.
You didn't know any spells.
Your spell library was empty.

Inventory:

Hand Weapons
 a - a +0 war axe {axe}
 j - a +4 dagger of speed (weapon) {short}
   (You took it off a goblin on level 1 of the Dungeon)
Missiles
 e - 27 stones (quivered) {throwing}
Armour
 b - a +0 scale mail (worn)
 c - a +0 buckler (worn)
 o - a +0 pair of boots (worn)
   (You found it on level 1 of the Dungeon)
Scrolls
 f - a scroll of teleportation {unknown}
 h - 2 scrolls of identify {unknown}
 k - a scroll of magic mapping {unknown}
 l - a scroll of enchant weapon {unknown}
 p - a scroll of torment {unknown}
Potions
 d - a potion of might
 g - 2 potions of haste {unknown}
 i - a potion of magic {unknown}
 m - 2 potions of curing {@q1}
 n - 2 potions of cancellation {unknown}

Dungeon Overview and Level Annotations

Branches:
Dungeon (2/15) Zot: 10695

Altars:

Annotations:
D:2 Robin

####### ##......$
#........ #...⌠....
##### #........ #...#
#.......<
#...########).......
##......†.)))@g......
####.....########.......
.)......## .......
#####...# ....... #...#
....... ## #...# #######
.####...# ..†.#####
###..### ###


You could see Robin.


Message History

Robin closely misses you. The goblin hits you but does no damage.
Items here: )) ††.
You completely miss Robin.
The goblin no longer looks unusually strong.
Robin hits you but does no damage.
The goblin hits you but does no damage. x2
You closely miss Robin.
The goblin no longer looks unusually strong.
Robin barely misses you. The goblin hits you with a +0 club.
The goblin closely misses you. 😮 HP[-2]
You take 2 damage, and now have 24/42 hp.
You barely miss Robin. Your headbutt misses Robin.
The goblin hits you but does no damage. x2
You hit Robin but do no damage. Your headbutt misses Robin.
You hit Robin but do no damage. The goblin hits you with a +0 club.
The goblin hits you but does no damage. 😮 HP[-1]
You take 1 damage, and now have 23/42 hp.
You hit Robin but do no damage. Robin barely misses you.
The goblin closely misses you. You furiously retaliate!
You headbutt the goblin. The goblin hits you but does no damage.
You hit Robin but do no damage. Your headbutt misses Robin.
The goblin closely misses you. x2
You hit Robin. You headbutt Robin, but do no damage.
You hit Robin but do no damage. Your headbutt misses Robin.
Robin roars a battlecry!
The goblins go into a battle-frenzy!
You block the goblin's attack.
The goblin hits you but does no damage. 😮 HP[+1]
You closely miss Robin. You headbutt Robin, but do no damage.
Robin hits you but does no damage. The goblin hits you but does no damage.
The goblin closely misses you. You furiously retaliate!
You headbutt the goblin. You closely miss Robin. Your headbutt misses Robin.
You closely miss Robin. The goblin hits you with a +0 club.
* * * LOW HITPOINT WARNING * * *
You block the goblin's attack.
You hit Robin. You block the goblin's attack.
The goblin hits you but does no damage.
You barely miss Robin. The goblin barely misses you. You furiously retaliate!
You headbutt the goblin!
You kill the goblin!
The goblin hits you with a +0 club.
* * * LOW HITPOINT WARNING * * *
You hit Robin but do no damage. Your headbutt misses Robin. 😨 HP[-6]
You take 6 damage, and now have 18/42 hp.
You barely miss Robin. You block Robin's attack.
The goblin hits you but does no damage.
You hit Robin. You block Robin's attack. The goblin barely misses you.
You furiously retaliate!
You headbutt the goblin!
You kill the goblin!
You barely miss Robin.
You headbutt Robin, but do no damage. 😨 HP[+1]
You hit Robin but do no damage. Your headbutt misses Robin.
Robin hits you but does no damage.
You hit Robin but do no damage. Robin closely misses you.
You hit Robin. You block Robin's attack.
You hit Robin but do no damage. Your headbutt misses Robin.
You hit Robin but do no damage. You headbutt Robin, but do no damage.
Robin hits you with a +4 mace of protection.
* * * LOW HITPOINT WARNING * * *
😨 HP[-4]
You take 4 damage, and now have 15/42 hp.
You hit Robin. You headbutt Robin.
Robin says, "A pitiful Minotaur like you will never find the ORB!"
You block Robin's attack.
Unknown command.
You hit Robin but do no damage. You barely miss Robin.
Robin hits you but does no damage.
You hit Robin but do no damage. You headbutt Robin.
Robin drinks a potion.
Robin is healed!
You hit Robin.
Robin hits you with a +4 mace of protection.
* * * LOW HITPOINT WARNING * * *
😨 HP[-2]
You take 2 damage, and now have 13/42 hp.
You hit Robin but do no damage. You hit Robin but do no damage.
You headbutt Robin, but do no damage.
Robin hits you with a +4 mace of protection.
* * * LOW HITPOINT WARNING * * *
😨 HP[-2]
You take 2 damage, and now have 11/42 hp.
You hit Robin but do no damage. Robin closely misses you.
You hit Robin. Robin hits you but does no damage.
You hit Robin but do no damage. You hit Robin but do no damage.
Robin hits you with a +4 mace of protection.
* * * LOW HITPOINT WARNING * * *
😱 HP[-4]
You take 4 damage, and now have 7/42 hp.
You hit Robin but do no damage.
Robin hits you with a +4 mace of protection.
* * * LOW HITPOINT WARNING * * *
😱 HP[-2]
You take 2 damage, and now have 5/42 hp.
You hit Robin but do no damage.
Robin hits you with a +4 mace of protection.
You die...

Skill      XL: |  1  2  3  4 |
---------------+-------------+-----
Fighting       | 4 5 |  5.1
Axes           | 3 4 |  4.2
Armour         | 4 |  4.4
Shields        | |  3.6

Action                   |  1- 3 |  4- 6 || total
-------------------------+-------+-------++-------
Melee: War axe           |    52 |       ||    52
       Headbutt          |     9 |    15 ||    24
       Dagger            |    32 |    76 ||   108
Armor: Scale mail        |    40 |    31 ||    71
Dodge: Dodged            |    33 |    26 ||    59
Block: Buckler           |    26 |    19 ||    45

Levels and vault maps discovered:
D:1:      ncdulo_wetmaze, layout_basic, basic_ecumenical_altar,
          minmay_pentomino_q2
D:2:      layout_rooms, solitary_fountain, kennysheep_generic_room_8,
          uniq_natasha, uniq_robin

Notes
Turn   | Place    | Note
-------+----------+-------------------------------------------
     0 | D:1      | Sanktem7 the Minotaur Fighter began the quest for the Orb.
     0 | D:1      | Reached XP level 1. HP: 19/19 MP: 0/0
     0 | D:1      | magus.rc [v1.9.6]
   165 | D:1      | Reached XP level 2. HP: 24/27 MP: 1/1
   169 | D:1      | Reached skill level 4 in Fighting
   251 | D:1      | Reached skill level 3 in Axes
   530 | D:1      | Found a faded altar of an unknown god.
   605 | D:1      | Reached XP level 3. HP: 33/33 MP: 2/2
   606 | D:1      | Reached skill level 4 in Armour
  1041 | D:2      | Noticed Natasha
  1047 | D:2      | Killed Natasha
  1048 | D:2      | Reached XP level 4. HP: 40/41 MP: 3/3
  1119 | D:2      | Reached skill level 4 in Axes
  1236 | D:2      | Noticed Robin
  1247 | D:2      | Reached skill level 5 in Fighting
  1302 | D:2      | HP: 7/42 [Robin/+4 mace of protection (4)]
  1304 | D:2      | Slain by Robin

Vanquished Creatures
  Natasha (D:2)
  3 adders (D:2)
  2 worms (D:2)
  2 dart slugs (D:1)
  7 bats
  2 endoplasms (D:1)
  2 giant cockroaches
  14 goblins
  5 hobgoblins
  4 kobolds (D:1)
  5 quokkas
  2 ball pythons (D:2)
  3 frilled lizards
52 creatures vanquished.

Table legend:
 A = Non-vault XP
 B = Vault XP
 C = Vault XP percentage of total XP
 D = Non-vault monster count
 E = Vault monster count
 F = Vault count percentage of total count
                 A         B        C        D         E       F
            +---------+---------+-------+---------+---------+-------
      Total |     108 |      64 |  37.2 |      38 |      14 |  26.9
            +---------+---------+-------+---------+---------+-------
        D:1 |      43 |       4 |   8.5 |      23 |       2 |   8.0
        D:2 |      65 |      60 |  48.0 |      15 |      12 |  44.4
            +---------+---------+-------+---------+---------+-------

Illustrated notes

Table legend:
 A = Kills in this place as a percentage of kills in entire the game.
 B = Kills by you in this place as a percentage of kills by you in the entire game.
 C = Kills by friends in this place as a percentage of kills by friends in the entire game.
 D = Other kills in this place as a percentage of other kills in the entire game.
 E = Experience gained in this place as a percentage of experience gained in the entire game.
 F = Experience gained in this place divided by the number of levels of this place that you have seen.
                   A       B       C       D       E      F
               +-------+-------+-------+-------+-------+----------------------
         Total | 100.0 | 100.0 |   N/A |   N/A | 100.0 |  86.0
       Dungeon | 100.0 | 100.0 |   N/A |   N/A | 100.0 |  86.0
               +-------+-------+-------+-------+-------+----------------------

Table legend: (Time is in decaauts)
 A = Elapsed time spent in this place.
 B = Non-inter-level travel time spent in this place.
 C = Inter-level travel time spent in this place.
 D = Time resting spent in this place.
 E = Time spent auto-exploring this place.
 F = Levels seen in this place.
 G = Mean time per level.
                   A        B        C        D        E       F      G
               +--------+--------+--------+--------+--------+-----+--------+
         Total |   1303 |   1282 |     21 |      0 |   1022 |   2 |  651.5 |
       Dungeon |   1303 |   1282 |     21 |      0 |   1022 |   2 |  651.5 |
               +--------+--------+--------+--------+--------+-----+--------+

Top non-repeatable levels by time:
     D:1: 970 daAuts
     D:2: 333 daAuts
